 Dungeon Crawl Stone Soup version 0.31-a0-180-g519b7de00c (webtiles) character file.

Game seed: 16174606154273637580

60 qw the Shooter (level 4, -5/39 HPs)
             Began as a Naga Hunter on June 19, 2023.
             Slain by Sigmund
             ... wielding a +0 scythe
              (12 damage)
             ... on level 3 of the Dungeon.
             The game lasted 00:00:32 (1499 turns).

qw the Shooter (Naga Hunter)                        Turns: 1499, Time: 00:00:32

Health: -5/39      AC:  2    Str: 13    XL:     4   Next: 6%
Magic:  4/4        EV:  9    Int: 10    God:
Gold:   175        SH:  0    Dex: 16    Spells: 3/3 levels left

rFire   . . .        Y - +0 shortbow
rCold   . . .        (shield currently unavailable)
rNeg    . . .        c - +0 leather armour
rPois   +            (no helmet)
rElec   .            (no cloak)
rCorr   .            (no gloves)
SInv    +            (no barding)
Will    .....        (no amulet)
Stlth   ++           (no ring)
HPRegen 0.26/turn    (no ring)
MPRegen 0.09/turn

%: no passive effects
@: very slow
A: AC +1, large, see invisible, deformed body, poison resistance, slowness 2,
spit poison 1, naga tail 1
a: Spit Poison


You were on level 3 of the Dungeon.
You visited 1 branch of the dungeon, and saw 3 of its levels.

You collected 175 gold pieces.


Innate Abilities, Weirdness & Mutations

Your serpentine skin is tough. (AC +1)
You have supernaturally acute eyesight. (SInv)
Armour fits poorly on your strangely shaped body.
Your system is resistant to poisons. (rPois)
You cover ground very slowly.
You can spit poison.
You have a snake-like lower body.


   Skills:
 + Level 2.1 Fighting
 - Level 5.0 Ranged Weapons
 - Level 1.5 Dodging
 - Level 1.5 Stealth


You had 3 spell levels left.
You didn't know any spells.
Your spell library was empty.

Inventory:

Hand Weapons
 Y - a +0 shortbow (weapon)
Armour
 c - a +0 leather armour (worn)
Potions
 b - a potion of enlightenment
 d - a potion of attraction {unknown}

Dungeon Overview and Level Annotations

Branches:
Dungeon (3/15)

Altars:

Shops:
D:3 [

Annotations:
D:3 Ijyb, Sigmund


Message History

Press: ? - help, Shift-Dir - straight line, f - Ijyb The splash of poison hits Ijyb.
Ijyb is poisoned.
Ijyb is lightly wounded.
You shoot an arrow. The arrow closely misses Ijyb.
Ijyb misses you.
Sigmund the Dreaded comes into view.
He is wielding a +0 scythe.
You shoot an arrow. The arrow hits Ijyb but does no damage.
Ijyb is lightly wounded.
Ijyb hits you with a +0 club. Ijyb barely misses you.
You shoot an arrow. The arrow hits Ijyb but does no damage.
Ijyb is lightly wounded.
Ijyb completely misses you.
You shoot an arrow. The arrow hits Ijyb.
Ijyb is moderately wounded.
You have got your breath back.
Ijyb hits you with a +0 club.
1495 ||| INVOKING Spit Poison.
Aiming: Spit Poison (1% risk of failure)
Press: ? - help, Shift-Dir - straight line, f/p - Ijyb The splash of poison hits Ijyb.
Ijyb completely resists.
Ijyb is moderately wounded.
Ijyb hits you with a +0 club.
You shoot an arrow. The arrow hits Ijyb.
Ijyb is moderately wounded.
Ijyb barely misses you. Sigmund misses you.
You shoot an arrow. The arrow barely misses Ijyb.
Ijyb looks more healthy.
Ijyb hits you with a +0 club!
Sigmund hits you from afar with a +0 scythe!
You shoot an arrow. The arrow hits Ijyb but does no damage.
Ijyb is moderately wounded.
Ijyb barely misses you.
You shoot an arrow. The arrow hits Ijyb but does no damage.
Ijyb is moderately wounded.
You have got your breath back.
Ijyb hits you with a +0 club.
Sigmund mumbles some strange words.
Sigmund flickers and vanishes for a moment.
Ijyb hits you with a +0 club.
Sigmund hits you from afar with a +0 scythe!
You die...

#. #. ## #. .. .##
.?#.##..######
....#.#...^#
#@g\...#.# ##@##...#
#..#....# #.##.#..#
#.#..#..# #....>..#
##.......# #######
###......<.# #.....#
.....).....###.....#
....................#


You could see Sigmund (invisible) and Ijyb.

Vanquished Creatures
  An adder (D:2)
  2 dart slugs
  4 ball pythons (D:1)
  6 bats
  2 endoplasms
  2 giant cockroaches
  5 goblins (D:1)
  7 hobgoblins
  6 quokkas
  3 frilled lizards
  A kobold (D:1)
  3 rats
42 creatures vanquished.

Notes
Turn   | Place    | Note
-------+----------+-------------------------------------------
     0 | D:1      | qw the Naga Hunter began the quest for the Orb.
     0 | D:1      | Reached XP level 1. HP: 19/19 MP: 1/1
     0 | D:1      | 0 ||| qw: Version: 0.3-a-7-ge0c9b40
     0 | D:1      | 0 ||| qw: Game counter: 920
     0 | D:1      | 0 ||| qw: Always use a shield: true
     0 | D:1      | 0 ||| qw: God list: Okawaru
     0 | D:1      | 0 ||| qw: Allow faded altars: false
     0 | D:1      | 0 ||| qw: Do Orc after D:15 true
     0 | D:1      | 0 ||| qw: Do second Lair branch before Depths: true
     0 | D:1      | 0 ||| qw: Lair rune preference: random
     0 | D:1      | 0 ||| qw: Plans: Normal
     0 | D:1      | 0 ||| PLANNING D:1-11
    47 | D:1      | 47 ||| INVOKING Spit Poison.
    94 | D:1      | 94 ||| INVOKING Spit Poison.
   100 | D:1      | 100 ||| INVOKING Spit Poison.
   171 | D:1      | 171 ||| INVOKING Spit Poison.
   189 | D:1      | 189 ||| INVOKING Spit Poison.
   190 | D:1      | Reached skill level 4 in Ranged Weapons
   190 | D:1      | Reached XP level 2. HP: 26/26 MP: 2/2
   216 | D:1      | 216 ||| INVOKING Spit Poison.
   244 | D:1      | 244 ||| INVOKING Spit Poison.
   321 | D:1      | 321 ||| INVOKING Spit Poison.
   327 | D:1      | 327 ||| INVOKING Spit Poison.
   344 | D:1      | 344 ||| INVOKING Spit Poison.
   451 | D:1      | 451 ||| INVOKING Spit Poison.
   506 | D:1      | 506 ||| INVOKING Spit Poison.
   507 | D:1      | Reached XP level 3. HP: 32/32 MP: 3/3
   547 | D:1      | 547 ||| INVOKING Spit Poison.
   553 | D:1      | 553 ||| INVOKING Spit Poison.
   578 | D:1      | 578 ||| INVOKING Spit Poison.
   585 | D:1      | 585 ||| INVOKING Spit Poison.
   590 | D:1      | 590 ||| INVOKING Spit Poison.
   730 | D:1      | 730 ||| INVOKING Spit Poison.
   735 | D:1      | 735 ||| INVOKING Spit Poison.
   785 | D:1      | 785 ||| INVOKING Spit Poison.
   924 | D:1      | 924 ||| READING scroll labelled XEUGRY TESKOKOACE.
   925 | D:1      | 925 ||| DROPPING scroll of butterflies.
   955 | D:2      | 955 ||| INVOKING Spit Poison.
   959 | D:2      | 959 ||| INVOKING Spit Poison.
  1044 | D:2      | 1044 ||| INVOKING Spit Poison.
  1053 | D:2      | 1053 ||| INVOKING Spit Poison.
  1068 | D:2      | 1068 ||| INVOKING Spit Poison.
  1074 | D:2      | 1074 ||| INVOKING Spit Poison.
  1077 | D:2      | HP: 8/32 [quokka (4)]
  1079 | D:2      | 1079 ||| INVOKING Spit Poison.
  1237 | D:2      | 1237 ||| INVOKING Spit Poison.
  1341 | D:2      | 1341 ||| INVOKING Spit Poison.
  1344 | D:2      | 1344 ||| INVOKING Spit Poison.
  1404 | D:2      | Reached skill level 5 in Ranged Weapons
  1409 | D:2      | 1409 ||| INVOKING Spit Poison.
  1410 | D:2      | Reached XP level 4. HP: 39/39 MP: 4/4
  1434 | D:2      | 1434 ||| DROPPING ring of wizardry.
  1435 | D:2      | 1435 ||| READING scroll labelled ZUENIBAWAW.
  1436 | D:2      | 1436 ||| READING scroll labelled HOEKIE DAORO.
  1439 | D:2      | 1439 ||| READING scroll labelled UVELON ENKO.
  1440 | D:2      | 1440 ||| DRINKING 2 pink potions.
  1453 | D:3      | 1453 ||| INVOKING Spit Poison.
  1457 | D:3      | 1457 ||| INVOKING Spit Poison.
  1486 | D:3      | Found Lyosos's Antique Armour Shop.
  1489 | D:3      | Noticed Ijyb
  1490 | D:3      | 1490 ||| INVOKING Spit Poison.
  1491 | D:3      | Noticed Sigmund
  1495 | D:3      | 1495 ||| INVOKING Spit Poison.
  1499 | D:3      | HP: 9/39 [Ijyb/+0 club (5)]
  1499 | D:3      | Slain by Sigmund

Levels and vault maps discovered:
D:1:      heliophobic_arrival_battle_scene, layout_loops_corners
D:2:      layout_rooms
D:3:      layout_loops_cross, serial_shops, nicolae_shop_crystal,
          kennysheep_another_room, uniq_sigmund, uniq_terence, uniq_ijyb

Skill      XL: |  1  2  3 |
---------------+----------+-----
Ranged Weapons | 4 5 |  5.0
Fighting       | |  2.1
Dodging        | |  1.5
Stealth        | |  1.5

Action                     |  1- 3 |  4- 6 || total
---------------------------+-------+-------++-------
   Fire: Shortbow          |    68 |    12 ||    80
Ability: Spit Poison       |    31 |     4 ||    35
    Use: Scroll            |     1 |     3 ||     4
         Potion            |       |     1 ||     1
 Armour: Leather armour    |     5 |     4 ||     9
  Dodge: Dodged            |    19 |     8 ||    27

Table legend:
 A = Non-vault XP
 B = Vault XP
 C = Vault XP percentage of total XP
 D = Non-vault monster count
 E = Vault monster count
 F = Vault count percentage of total count
                 A         B        C        D         E       F
            +---------+---------+-------+---------+---------+-------
      Total |      87 |       0 |   0.0 |      42 |       0 |   0.0
            +---------+---------+-------+---------+---------+-------
        D:1 |      53 |       0 |   0.0 |      29 |       0 |   0.0
        D:2 |      29 |       0 |   0.0 |      10 |       0 |   0.0
        D:3 |       5 |       0 |   0.0 |       3 |       0 |   0.0
            +---------+---------+-------+---------+---------+-------
